TOP OF THE 1ST |
Pensacola Pilots batting - Pitching for Athens Assassins : RHP Silvio Fiermonte
|
Pitching: RHP Silvio Fiermonte
|
|
Batting: SHB José Velásquez
|
0-0: Ground out 4-3 (Groundball, 4)
|
Batting: LHB Nick Gamble
|
0-0: Ball 1-0: Foul Ball, location: 2F 1-1: Ball 2-1: Ball 3-1: Base on Balls
|
Batting: RHB Robert Rose
|
0-0: Ball 1-0: Fly out, F9 (Flyball, 9LS)
|
Batting: SHB Fernando Gutiérrez
|
0-0: Ball 1-0: Ball 2-0: Ground out 3-1 (Groundball, 34S)
|
Top of the 1st over - 0 run(s), 0 hit(s), 0 error(s), 1 left on base; Pensacola 0 - Athens 0 |
BOTTOM OF THE 1ST |
Athens Assassins batting - Pitching for Pensacola Pilots : LHP Ramón Vázquez
|
Pitching: LHP Ramón Vázquez
|
|
Batting: RHB Júlio Castillo
|
0-0: Fly out, F8 (Flyball, 78M)
|
Batting: RHB Britt Short
|
0-0: Ball 1-0: Fly out, F9 (Flyball, 9LS)
|
Batting: RHB John Jones
|
0-0: Swinging Strike 0-1: Swinging Strike 0-2: SINGLE (Line Drive, 78S)
|
Batting: RHB Foster Hapgood
|
0-0: Ball 1-0: Ball 2-0: Ball 3-0: Called Strike 3-1: Base on Balls John Jones to second
|
Batting: RHB Iván Granados
|
0-0: Fly out, F4 (Flyball, 4MD)
|
Bottom of the 1st over - 0 run(s), 1 hit(s), 0 error(s), 2 left on base; Pensacola 0 - Athens 0 |
TOP OF THE 2ND |
Pensacola Pilots batting - Pitching for Athens Assassins : RHP Silvio Fiermonte
|
Batting: RHB Leopoldo Horgan
|
0-0: Ball 1-0: Ground out 1-3 (Groundball, 13S)
|
Batting: RHB Dennis Mays
|
0-0: Ball 1-0: SINGLE (Line Drive, 6M)
|
Batting: LHB Ricardo García
|
0-0: Foul Ball, location: 2F 0-1: Ball 1-1: Ball 2-1: Foul Ball, location: 2F 2-2: Foul Ball, location: 2F 2-2: Strikes out swinging
|
Batting: RHB José Ramos
|
0-0: Ball 1-0: Called Strike 1-1: Called Strike 1-2: Ball Dennis Mays steals 2nd base 2-2: Ball 3-2: Strikes out swinging
|
Top of the 2nd over - 0 run(s), 1 hit(s), 0 error(s), 1 left on base; Pensacola 0 - Athens 0 |
BOTTOM OF THE 2ND |
Athens Assassins batting - Pitching for Pensacola Pilots : LHP Ramón Vázquez
|
Batting: RHB Kiyonaga Ogawa
|
0-0: Bunt for hit - play at first, batter OUT! 1-3
|
Batting: RHB Jorge Loanos
|
0-0: Called Strike 0-1: Foul Ball, location: 2F 0-2: Ball 1-2: Ground out 5-3 (Groundball, 5)
|
Batting: RHB Alfonso Flores
|
0-0: Foul Ball, location: 2F 0-1: Foul Ball, location: 2F 0-2: Ball 1-2: Ball 2-2: Strikes out looking
|
Bottom of the 2nd over - 0 run(s), 0 hit(s), 0 error(s), 0 left on base; Pensacola 0 - Athens 0 |
TOP OF THE 3RD |
Pensacola Pilots batting - Pitching for Athens Assassins : RHP Silvio Fiermonte
|
Batting: RHB Bill Andrews
|
0-0: Called Strike 0-1: Foul Ball, location: 2F 0-2: Ball 1-2: SOLO HOME RUN (Flyball, 7D), Distance : 375 ft
|
Batting: SHB José Velásquez
|
0-0: Swinging Strike 0-1: Fly out, F8 (Flyball, 8RD)
|
Batting: LHB Nick Gamble
|
0-0: Ball 1-0: Ball 2-0: SINGLE (Groundball, 6MD)
|
Batting: RHB Robert Rose
|
0-0: Swinging Strike 0-1: Foul Ball, location: 2F 0-2: Ball 1-2: Foul Ball, location: 2F 1-2: Ball 2-2: Grounds into double play, 5-4-3 (Groundball, 5L)
|
Top of the 3rd over - 1 run(s), 2 hit(s), 0 error(s), 0 left on base; Pensacola 1 - Athens 0 |
BOTTOM OF THE 3RD |
Athens Assassins batting - Pitching for Pensacola Pilots : LHP Ramón Vázquez
|
Batting: RHB Luis López
|
0-0: Called Strike 0-1: Ground out 5-3 (Groundball, 5)
|
Batting: RHB Júlio Castillo
|
0-0: Called Strike 0-1: Ball 1-1: Ball 2-1: Foul Ball, location: 2F 2-2: Foul Ball, location: 2F 2-2: Strikes out swinging
|
Batting: RHB Britt Short
|
0-0: Fly out, F8 (Line Drive, 8LM)
|
Bottom of the 3rd over - 0 run(s), 0 hit(s), 0 error(s), 0 left on base; Pensacola 1 - Athens 0 |
TOP OF THE 4TH |
Pensacola Pilots batting - Pitching for Athens Assassins : RHP Silvio Fiermonte
|
Batting: SHB Fernando Gutiérrez
|
0-0: Ground out 6-3 (Groundball, 6)
|
Batting: RHB Leopoldo Horgan
|
0-0: Ball 1-0: SINGLE (Line Drive, 7LS)
|
Batting: RHB Dennis Mays
|
0-0: Ball 1-0: Fielders Choice at 2nd, 6-4 (Groundball, 6)
|
Batting: LHB Ricardo García
|
0-0: Called Strike 0-1: Ball 1-1: Foul Ball, location: 2F 1-2: Ball 2-2: Ball 3-2: Foul Ball, location: 2F 3-2: Ground out 4-3 (Groundball, 4)
|
Top of the 4th over - 0 run(s), 1 hit(s), 0 error(s), 1 left on base; Pensacola 1 - Athens 0 |
BOTTOM OF THE 4TH |
Athens Assassins batting - Pitching for Pensacola Pilots : LHP Ramón Vázquez
|
Batting: RHB John Jones
|
0-0: SINGLE (Flyball, 56D)
|
Batting: RHB Foster Hapgood
|
0-0: SINGLE (Groundball, 34S) (infield hit) John Jones to second
|
Batting: RHB Iván Granados
|
0-0: Ball 1-0: Called Strike 1-1: Fly out, F6 (Popup, 6)
|
Batting: RHB Kiyonaga Ogawa
|
0-0: Ball 1-0: Ball 2-0: Called Strike 2-1: Swinging Strike 2-2: Ball 3-2: Strikes out looking
|
Batting: RHB Jorge Loanos
|
0-0: Called Strike 0-1: Ball 1-1: Ball 2-1: Fly out, F9 (Flyball, 9S)
|
Bottom of the 4th over - 0 run(s), 2 hit(s), 0 error(s), 2 left on base; Pensacola 1 - Athens 0 |
TOP OF THE 5TH |
Pensacola Pilots batting - Pitching for Athens Assassins : RHP Silvio Fiermonte
|
Batting: RHB José Ramos
|
0-0: Ball 1-0: Called Strike 1-1: Ball 2-1: Foul Ball, location: 2F 2-2: Strikes out swinging
|
Batting: RHB Bill Andrews
|
0-0: Ball 1-0: Fly out, F3 (Flyball, 3DF)
|
Batting: SHB José Velásquez
|
0-0: Called Strike 0-1: Ball 1-1: Swinging Strike 1-2: Hit by Pitch
|
Batting: LHB Nick Gamble
|
0-0: Ball 1-0: Ball 2-0: Swinging Strike 2-1: Fly out, F7 (Flyball, 7S)
|
Top of the 5th over - 0 run(s), 0 hit(s), 0 error(s), 1 left on base; Pensacola 1 - Athens 0 |
BOTTOM OF THE 5TH |
Athens Assassins batting - Pitching for Pensacola Pilots : LHP Ramón Vázquez
|
Batting: RHB Alfonso Flores
|
0-0: Foul Ball, location: 2F 0-1: Called Strike 0-2: Strikes out swinging
|
Batting: RHB Luis López
|
0-0: Called Strike 0-1: Fly out, F7 (Flyball, 7S)
|
Batting: RHB Júlio Castillo
|
0-0: Ball 1-0: Foul Ball, location: 2F 1-1: Fly out, F4 (Popup, 34D)
|
Bottom of the 5th over - 0 run(s), 0 hit(s), 0 error(s), 0 left on base; Pensacola 1 - Athens 0 |
TOP OF THE 6TH |
Pensacola Pilots batting - Pitching for Athens Assassins : RHP Silvio Fiermonte
|
Batting: RHB Robert Rose
|
0-0: Ball 1-0: SINGLE (Groundball, 6MD)
|
Batting: SHB Fernando Gutiérrez
|
0-0: Called Strike 0-1: DOUBLE (Line Drive, 9D) Robert Rose to third
|
Batting: RHB Leopoldo Horgan
|
0-0: Ball 1-0: Ball 2-0: Ball 3-0: Called Strike 3-1: Base on Balls
|
Batting: RHB Dennis Mays
|
0-0: Foul Ball, location: 2F 0-1: Ball 1-1: Called Strike 1-2: Foul Ball, location: 2F 1-2: Ball 2-2: Fly out, F7 (Flyball, 7)
|
Batting: LHB Ricardo García
|
0-0: Called Strike 0-1: GRAND SLAM HOME RUN (Flyball, 9LD), Distance : 370 ft
|
Pitching: RHP José Moreno
|
|
Batting: RHB José Ramos
|
0-0: Called Strike 0-1: Ball 1-1: Ball 2-1: Ball 3-1: Foul Ball, location: 2F 3-2: Foul Ball, location: 2F 3-2: Fly out, F7 (Flyball, 7D)
|
Batting: RHB Bill Andrews
|
0-0: Fly out, F8 (Flyball, 8LM)
|
Top of the 6th over - 4 run(s), 3 hit(s), 0 error(s), 0 left on base; Pensacola 5 - Athens 0 |
BOTTOM OF THE 6TH |
Athens Assassins batting - Pitching for Pensacola Pilots : LHP Ramón Vázquez
|
Batting: RHB Britt Short
|
0-0: Called Strike 0-1: Ball 1-1: Ground out 6-3 (Groundball, 6)
|
Batting: RHB John Jones
|
0-0: Called Strike 0-1: SINGLE (Line Drive, 6M)
|
Batting: RHB Foster Hapgood
|
0-0: Called Strike 0-1: Called Strike 0-2: Fly out, F7 (Flyball, 7)
|
Batting: RHB Iván Granados
|
0-0: Ball 1-0: Ball 2-0: Called Strike 2-1: Called Strike 2-2: Reached on error, E5 (Groundball, 5) John Jones to second
|
Batting: RHB Kiyonaga Ogawa
|
0-0: Called Strike 0-1: Called Strike 0-2: Fielders Choice at 2nd, 5-4 (Groundball, 56)
|
Bottom of the 6th over - 0 run(s), 1 hit(s), 1 error(s), 1 left on base; Pensacola 5 - Athens 0 |
TOP OF THE 7TH |
Pensacola Pilots batting - Pitching for Athens Assassins : RHP José Moreno
|
Batting: SHB José Velásquez
|
0-0: Foul Ball, location: 2F 0-1: Ball 1-1: Swinging Strike 1-2: Strikes out swinging
|
Batting: LHB Nick Gamble
|
0-0: Fly out, F8 (Flyball, 89D)
|
Batting: RHB Robert Rose
|
0-0: Ball 1-0: Ball 2-0: Ball 3-0: Base on Balls
|
Batting: SHB Fernando Gutiérrez
|
0-0: Ball 1-0: Ball 2-0: Ball 3-0: Called Strike 3-1: Called Strike 3-2: SINGLE (Line Drive, 8RS) Robert Rose to second Robert Rose to third
|
Batting: RHB Leopoldo Horgan
|
0-0: Called Strike 0-1: Ball 1-1: Swinging Strike 1-2: Ball 2-2: Ball 3-2: Foul Ball, location: 2F 3-2: Base on Balls Fernando Gutiérrez to second
|
Batting: RHB Dennis Mays
|
0-0: Fielders Choice at 2nd, 4-6 (Groundball, 4)
|
Top of the 7th over - 0 run(s), 1 hit(s), 0 error(s), 2 left on base; Pensacola 5 - Athens 0 |
BOTTOM OF THE 7TH |
Athens Assassins batting - Pitching for Pensacola Pilots : LHP Ramón Vázquez
|
Batting: RHB Jorge Loanos
|
0-0: Ball 1-0: Foul Ball, location: 2F 1-1: Fly out, F7 (Flyball, 7)
|
Batting: RHB Alfonso Flores
|
0-0: Ground out 5-3 (Groundball, 56S)
|
Batting: RHB Luis López
|
0-0: Ball 1-0: Foul Ball, location: 2F 1-1: Called Strike 1-2: Fly out, F8 (Line Drive, 8RM)
|
Bottom of the 7th over - 0 run(s), 0 hit(s), 0 error(s), 0 left on base; Pensacola 5 - Athens 0 |
TOP OF THE 8TH |
Pensacola Pilots batting - Pitching for Athens Assassins : RHP José Moreno
|
Batting: LHB Ricardo García
|
0-0: Called Strike 0-1: Foul Ball, location: 2F 0-2: Foul Ball, location: 2F 0-2: Ball 1-2: Ball 2-2: Hit by Pitch
|
Batting: RHB José Ramos
|
0-0: Called Strike 0-1: Ball 1-1: Foul Ball, location: 2F 1-2: Strikes out swinging
|
Batting: RHB Bill Andrews
|
0-0: Ball 1-0: Ball 2-0: Foul Ball, location: 2F 2-1: Swinging Strike 2-2: Strikes out looking Ricardo García steals 2nd base Batter strikes out.
|
Batting: SHB José Velásquez
|
0-0: Ball 1-0: Ball 2-0: Ground out 6-3 (Groundball, 6)
|
Top of the 8th over - 0 run(s), 0 hit(s), 0 error(s), 1 left on base; Pensacola 5 - Athens 0 |
BOTTOM OF THE 8TH |
Athens Assassins batting - Pitching for Pensacola Pilots : LHP Ramón Vázquez
|
Batting: RHB Júlio Castillo
|
0-0: Ball 1-0: Swinging Strike 1-1: Swinging Strike 1-2: Ball 2-2: Strikes out swinging
|
Batting: RHB Britt Short
|
0-0: Called Strike 0-1: Ball 1-1: Ball 2-1: Swinging Strike 2-2: Strikes out swinging
|
Batting: RHB John Jones
|
0-0: Ball 1-0: Ball 2-0: Fly out, F6 (Line Drive, 6M)
|
Bottom of the 8th over - 0 run(s), 0 hit(s), 0 error(s), 0 left on base; Pensacola 5 - Athens 0 |
TOP OF THE 9TH |
Pensacola Pilots batting - Pitching for Athens Assassins : RHP José Moreno
|
Batting: LHB Nick Gamble
|
0-0: Ball 1-0: Foul Ball, location: 2F 1-1: Ball 2-1: Fly out, F3 (Popup, 3L)
|
Pitching: RHP António Molina
|
|
Batting: RHB Robert Rose
|
0-0: Foul Ball, location: 2F 0-1: Ball 1-1: Ball 2-1: DOUBLE (Flyball, 89M)
|
Batting: SHB Fernando Gutiérrez
|
0-0: Swinging Strike 0-1: Swinging Strike 0-2: SINGLE (Groundball, 6S) (infield hit) Robert Rose to third
|
Batting: RHB Leopoldo Horgan
|
0-0: Swinging Strike 0-1: Called Strike 0-2: Ball 1-2: Fielders Choice at 2nd, 6-4 (Groundball, 6) Robert Rose scores
|
Batting: RHB Dennis Mays
|
0-0: Foul Ball, location: 2F 0-1: Ball 1-1: Ball 2-1: Foul Ball, location: 2F 2-2: Ball Leopoldo Horgan steals 2nd base 3-2: Strikes out swinging
|
Top of the 9th over - 1 run(s), 2 hit(s), 0 error(s), 1 left on base; Pensacola 6 - Athens 0 |
BOTTOM OF THE 9TH |
Athens Assassins batting - Pitching for Pensacola Pilots : LHP Ramón Vázquez
|
Pitching: RHP Manuel Cadenas
|
|
Batting: RHB Foster Hapgood
|
0-0: SINGLE (Line Drive, 89M)
|
Batting: RHB Iván Granados
|
0-0: Called Strike 0-1: Ball 1-1: Ball 2-1: Foul Ball, location: 2F 2-2: Ball 3-2: Strikes out swinging
|
Batting: RHB Kiyonaga Ogawa
|
0-0: Foul Ball, location: 2F 0-1: Called Strike 0-2: Strikes out swinging
|
Batting: RHB Jorge Loanos
|
0-0: Foul Ball, location: 2F 0-1: DOUBLE (Line Drive, 78D) Foster Hapgood to third
|
Batting: RHB Alfonso Flores
|
0-0: Ball 1-0: Foul Ball, location: 2F 1-1: Foul Ball, location: 2F 1-2: Ball 2-2: Strikes out swinging
|
Bottom of the 9th over - 0 run(s), 2 hit(s), 0 error(s), 2 left on base; Pensacola 6 - Athens 0 |
|